 Dungeon Crawl Stone Soup version 0.28.0-53-g5a82cb258f (webtiles) character file.

Game seed: 14892166292939086306

592 raph the Chucker (level 7, -1/62 HPs)
             Began as a Troll Hunter on June 25, 2022.
             Was an Initiate of Trog.
             Slain by a phantom (8 damage)
             ... on level 5 of the Dungeon.
             The game lasted 00:04:41 (3331 turns).

raph the Chucker (Troll Hunter)                     Turns: 3331, Time: 00:04:42

Health: -1/62      AC:  5    Str: 21    XL:     7   Next: 16%
Magic:  6/6        EV: 10    Int: 16    God:    Trog [......]
Gold:   169        SH:  0    Dex: 12    Spells: 6/6 levels left

rFire   + . .      SeeInvis .     - Unarmed
rCold   + . .      Faith    .   (no shield)
rNeg    . . .      Spirit   .   l - +1 robe "Zyxeror" {Rampage Int+3}
rPois   +          Reflect  .   (helmet restricted)
rElec   +          Harm     .   (no cloak)
rCorr   +          Rampage  +   (gloves unavailable)
Will    .....                   (boots unavailable)
Stlth   +.........              (no amulet)
HPRegen 1.00/turn               e - +6 ring of intelligence
MPRegen 0.10/turn               h - ring of poison resistance

@: resistant
A: large, unfitting armour, claws 3, regeneration 1, shaggy fur 1, tough skin 1
a: Renounce Religion


You were on level 5 of the Dungeon.
You worshipped Trog.
Trog was noncommittal.
You visited 1 branch of the dungeon, and saw 5 of its levels.

You collected 169 gold pieces.

Inventory:

Missiles
 a - 18 poisoned darts
 c - 3 large rocks (quivered)
 d - 3 throwing nets
 k - 2 boomerangs
Armour
 b - a +0 robe
 l - the +1 robe "Zyxeror" (worn) {Rampage Int+3}
   (You found it on level 5 of the Dungeon)

   Int:       It affects your intelligence (+3).
   Rampage:   It bestows one free step when moving towards enemies.
Jewellery
 e - a +6 ring of intelligence (left claw)
 h - a ring of poison resistance (right claw)
Potions
 f - 2 potions of ambrosia
 m - a potion of brilliance {unknown}


   Skills:
 - Level 1.5 Fighting
 + Level 6.2 Throwing
 - Level 1.5 Dodging
 - Level 0.3 Stealth
 + Level 5.2 Unarmed Combat


You had 6 spell levels left.
You didn't know any spells.
Your spell library contained the following spells:

 Spells                   Type           Power      Damage    Failure   Level
 Pain                     Necr           0%         1d4       26%         1
 Call Canine Familiar     Summ           0%         N/A       58%         3
 Portal Projectile        Hex/Tloc       0%         N/A       58%         3
 Leda's Liquefaction      Hex/Erth       0%         N/A       94%         4
 Agony                    Necr           0%         N/A       100%        5
 Excruciating Wounds      Necr           0%         N/A       100%        5


Dungeon Overview and Level Annotations

Branches:
Dungeon (5/15)
 Temple: D:4-7

Altars:
Ashenzari
Trog


Innate Abilities, Weirdness & Mutations

You are too large for most types of armour.
You have claws for hands.
Your natural rate of healing is unusually fast.
You are covered in fur. (AC +1)
You have tough skin. (AC +1)


Message History

You miss the phantom.
The phantom is heavily damaged.
You hear some strange, mumbled words.
A puff of flame appears from out of thin air!
The puff of flame hits you! The phantom hits you.
The phantom blinks!
You blink.
You closely miss the phantom.
The phantom is heavily damaged.
A jelly comes into view.
A magic dart appears from out of thin air!
The magic dart hits you.
* * * LOW HITPOINT WARNING * * *
The phantom hits you but does no damage.
The jelly quivers.
You claw the phantom!
The phantom is severely damaged.
Something tries to affect you, but you resist.
The phantom hits you.
* * * LOW HITPOINT WARNING * * *
The phantom hits you.
* * * LOW HITPOINT WARNING * * *
The phantom blinks!
You blink.
You claw the phantom!
The phantom is almost destroyed.
The phantom closely misses you.
You feel protected. Something hits you but does no damage.
The phantom hits you.
* * * LOW HITPOINT WARNING * * *
You barely miss the phantom.
The phantom is almost destroyed.
Something hits you but does no damage.
The phantom hits you but does no damage.
You closely miss the phantom.
The phantom is almost destroyed.
Something hits you but does no damage. The phantom hits you.
* * * LOW HITPOINT WARNING * * *
You scratch the phantom but do no damage.
The phantom is almost destroyed.
Something hits you but does no damage. The phantom hits you!
You die...

..#..... ...#
..#..... #.....#
........ #...#..####
.........#...#.....#
######.#...........#
##### #..#.....J.$#
....####..##......##
##..##....##.......#
.#........#.....@..#
.#..##.........{.W.#
...###.....#)......#
...##...#..#...#..##
.......###.###.#..##
##.....#..<..!.....##
###....#.#...#...?..#
###...>.###.###...##
##....#..# ### #####


You could see a phantom and a jelly.

Vanquished Creatures
  A black bear (D:5)
  A bullfrog (D:4)
  A scorpion (D:5)
  A howler monkey (D:5)
  An orc priest (D:3)
  An iguana (D:4)
  Natasha (thrice) (D:4)
  3 adders
  7 gnolls
  An adder skeleton (D:4)
  4 worms
  4 dart slugs
  7 orcs
  8 endoplasms
  3 giant cockroaches
  A hobgoblin (D:3)
  7 jackals
  4 quokkas
  7 ball pythons
  12 bats
  2 frilled lizards
  6 goblins
  7 kobolds
  3 rats
95 creatures vanquished.

Vanquished Creatures (others)
  18 plants (D:2)
18 creatures vanquished.

Grand Total: 113 creatures vanquished

Notes
Turn   | Place    | Note
-------+----------+-------------------------------------------
     0 | D:1      | raph the Troll Hunter began the quest for the Orb.
     0 | D:1      | Reached XP level 1. HP: 19/19 MP: 0/0
   101 | D:1      | Reached skill level 1 in Unarmed Combat
   226 | D:1      | Reached XP level 2. HP: 27/27 MP: 1/1
   513 | D:1      | Reached skill level 4 in Throwing
   740 | D:1      | Found a faded altar of an unknown god.
   744 | D:1      | Reached XP level 3. HP: 33/33 MP: 2/2
  1229 | D:2      | Reached XP level 4. HP: 41/41 MP: 3/3
  2279 | D:3      | Reached XP level 5. HP: 48/48 MP: 4/4
  2535 | D:3      | Reached skill level 5 in Throwing
  2775 | D:3      | Found a bloodstained altar of Trog.
  2783 | D:3      | Became a worshipper of Trog the Wrathful
  2873 | D:4      | Noticed Natasha
  2877 | D:4      | Killed Natasha
  2900 | D:4      | Found a broken altar of Ashenzari.
  2926 | D:4      | Noticed Natasha
  2930 | D:4      | Killed Natasha
  2931 | D:4      | Reached XP level 6. HP: 51/55 MP: 5/5
  2940 | D:4      | Noticed Natasha
  2943 | D:4      | Killed Natasha
  2944 | D:4      | You fall into a shaft and drop 1 floor!
  2944 | D:5      | Entered Level 5 of the Dungeon
  2953 | D:5      | Identified the +1 robe "Zyxeror" {Rampage Int+3}
  3275 | D:5      | Reached skill level 6 in Throwing
  3275 | D:5      | Reached skill level 5 in Unarmed Combat
  3275 | D:5      | Reached XP level 7. HP: 62/62 MP: 6/6
  3331 | D:5      | Slain by a phantom

Illustrated notes

Levels and vault maps discovered:
D:1:      lemuel_arrival_river_ford, layout_rooms, ebering_ecumenical_altar_box
D:2:      layout_loops_ring, nicolae_grassy_gnolls
D:3:      layout_loops_ring, trog_book, minmay_misc_feat_rows
D:4:      layout_rooms, ashenzari_conservatory_becter, serial_glass,
          glass_columns_c, glass_columns_c, glass_columns_a, glass_columns_b,
          glass_columns_a, glass_columns_a, minivault_11, uniq_edmund,
          uniq_natasha
D:5:      layout_cave_pools, kennysheep_mini, minmay_temple_entry_antechambers

Skill      XL: |  1  2  3  4  5  6 |
---------------+-------------------+-----
Unarmed Combat | 1 2 3 4 5 |  5.2
Throwing       | 4 5 6 |  6.2
Fighting       | |  1.5
Dodging        | |  1.5
Stealth        | |  0.3

Action                   |  1- 3 |  4- 6 |  7- 9 || total
-------------------------+-------+-------+-------++-------
Melee: Unarmed           |    81 |   121 |    26 ||   228
       Punch             |     1 |     5 |     1 ||     7
Throw: Large rock        |     4 |    10 |       ||    14
  Use: Scroll            |     3 |     4 |       ||     7
       Potion            |       |       |     1 ||     1
 Stab: Sleeping          |     1 |     1 |       ||     2
Armor: Robe              |    40 |    51 |    11 ||   102
Dodge: Dodged            |    71 |    44 |    11 ||   126
